 Dungeon Crawl Stone Soup version 0.31-a0-845-g9abc20d24f (webtiles) character file.

Game seed: 6022544673901792740

108 arglypuff the Ducker (level 5, 0/35 HPs)
             Began as a Djinni Hedge Wizard on Oct 1, 2023.
             Slain by a scorpion (2 damage)
             ... on level 3 of the Dungeon.
             The game lasted 00:04:47 (2689 turns).

arglypuff the Ducker (Djinni Hedge Wizard)          Turns: 2689, Time: 00:04:47

Health: 0/35       AC:  4    Str:  9    XL:     5   Next: 12%
Gold:   139        EV: 13    Int: 17    God:
                   SH:  0    Dex: 13

rFire   + + .        p - +4 dagger
rCold   x . .        (no shield)
rNeg    . . .        b - +0 robe
rPois   ∞            c - +0 hat
rElec   .            (no cloak)
rCorr   .            q - +1 pair of gloves
SInv    .            (boots unavailable)
Will    .....        (no amulet)
Stlth   ++           (no ring)
HPRegen 0.25/turn    (no ring)
MPRegen 0.00/turn

%: infuse magic (-1 HP)
@: flying
A: sickness immunity, fire resistance 2, cold vulnerability 1, float, innate
caster, HP casting, extra vitality 1
a: no special abilities


You were on level 3 of the Dungeon.
You visited 1 branch of the dungeon, and saw 4 of its levels.

You collected 139 gold pieces.

Inventory:

Hand Weapons
 p - a +4 dagger (weapon)
Missiles
 a - a throwing net
Armour
 b - a +0 robe (worn)
 c - a +0 hat (worn)
 q - a +1 pair of gloves (worn)
Wands
 n - a wand of charming (4)
Scrolls
 e - a scroll of blinking {unknown}
 g - a scroll of brand weapon {unknown}
 h - 2 scrolls of teleportation {unknown}
 j - 2 scrolls of identify {unknown}
 m - a scroll of noise {unknown}
 s - a scroll of amnesia {unknown}
Potions
 d - a potion of degeneration {unknown}
 f - 2 potions of berserk rage {unknown}
 i - 2 potions of haste {unknown}
 k - a potion of curing {unknown}
 l - a potion of attraction {unknown}
 o - a potion of heal wounds {unknown}
 r - a potion of enlightenment {unknown}


   Skills:
 + Level 0.3 Fighting
 + Level 3.3 Dodging
 + Level 3.1 Stealth
 + Level 3.3 Spellcasting
 + Level 3.3 Conjurations
 + Level 3.3 Hexes
 + Level 3.3 Summonings
 + Level 3.3 Necromancy
 + Level 3.3 Translocations
 + Level 3.3 Transmutations
 + Level 3.3 Fire Magic
 + Level 3.3 Ice Magic
 + Level 3.3 Air Magic
 + Level 3.3 Earth Magic
 + Level 3.3 Poison Magic


You knew the following spells:

 Your Spells              Type           Power      Damage    Failure   Level
a - Magic Dart            Conj           56%        1d5       4%          1
b - Slow                  Hex            56%        N/A       4%          1
c - Blink                 Tloc           28%        N/A       7%          2
d - Call Imp              Summ           28%        N/A       7%          2
e - Mephitic Cloud        Conj/Pois/Air  14%        N/A       13%         3
f - Apportation           Tloc           28%        N/A       4%          1
g - Poisonous Vapours     Pois/Air       28%        N/A       7%          2
Your spell library was empty.

Dungeon Overview and Level Annotations

Branches:
Dungeon (4/15)
 Temple: D:4-7

Altars:

Shops:
D:1 (


Innate Abilities, Weirdness & Mutations

You are immune to sickness and miasma.
You are immune to poison.
Your flesh is very heat resistant. (rF++)
You are vulnerable to cold. (rC-)
You float through the air rather than walking.
You learn spells naturally, not from books.
Your magical power is your life essence.
You have superior vitality. (+4 MHP)


Message History

The magic dart hits the scorpion.
The scorpion is heavily wounded.
* * * LOW HITPOINT WARNING * * *
The scorpion stings you but does no damage.
Your cerulean imp hits the scorpion but does no damage.
Your magical contamination has completely faded away.
Your cerulean imp barely misses the scorpion.
The scorpion attacks as it pursues you!
The scorpion stings you but does no damage.
Your cerulean imp barely misses the scorpion.
Casting: Magic Dart (safe; 4% risk of failure)
Confirm with . or Enter, or press ? or * to list all spells.
Aiming: Magic Dart (safe; 4% risk of failure)
Press: ? - help, Shift-Dir - straight line, f/p - scorpion
Aim: a scorpion (heavily wounded, ally target, 100% to hit)
The magic dart hits the scorpion.
The scorpion is severely wounded.
* * * LOW HITPOINT WARNING * * *
The scorpion misses you. The scorpion stings you.
* * * LOW HITPOINT WARNING * * *
Your cerulean imp hits the scorpion but does no damage.
Unknown command.
Casting: Magic Dart (safe; 4% risk of failure)
Confirm with . or Enter, or press ? or * to list all spells.
Aiming: Magic Dart (safe; 4% risk of failure)
Press: ? - help, Shift-Dir - straight line, f/p - scorpion
Aim: a scorpion (severely wounded, not watching you, ally target, 100% to hit)
The magic dart hits the scorpion.
The scorpion is almost dead.
* * * LOW HITPOINT WARNING * * *
The scorpion closely misses you.
Your cerulean imp hits the scorpion but does no damage.
You barely miss the scorpion.
The scorpion is almost dead.
The scorpion stings you but does no damage.
Your cerulean imp hits the scorpion but does no damage.
You hit the scorpion but do no damage.
The scorpion is almost dead.
The scorpion stings you.
You die...

#........#.......# #.#
#.####...#.......# #.#
#.####...#.......# #.#
#.##.....#..##.#.# #.#
#.##.##..........# #.#
#.##.##.#.#.##.### #.#
#.......#.#.##.# #.####
#######........##5#####
#....## ###>##
######.#@s.>....###.....#
...#.#
#.#.##.##........:..
###.##
#......###.###.....# #.#
###.).## ### ##...##
#.##### ##...# ##.##
#.....# #...# #..###
#####.# #...# ####.##..
##.## #.[^# #.......#
######...# #>..#
#.#......


You could see a scorpion (ally target) and a friendly cerulean imp (summoned).

Vanquished Creatures
  5 adders
  2 worms (D:2)
  A dart slug (D:3)
  2 orcs
  A ball python (D:1)
  5 endoplasms
  6 hobgoblins
  4 jackals (D:2)
  2 quokkas
  2 bats
  2 frilled lizards
  6 goblins
  8 kobolds
  5 rats
51 creatures vanquished.

Notes
Turn   | Place    | Note
-------+----------+-------------------------------------------
     0 | D:1      | arglypuff the Djinni Hedge Wizard began the quest for the
                  | Orb.
     0 | D:1      | arglypuff set off with the following spells memorised:
                  | Magic Dart, Slow, Blink, Call Imp, Mephitic Cloud.
     0 | D:1      | Reached XP level 1. HP: 15/15 MP: 0/0
    80 | D:1      | Found Hise's Weapon Shop.
   107 | D:1      | Reached XP level 2. HP: 20/21 MP: 0/0
   570 | D:1      | Reached XP level 3. HP: 21/25 MP: 0/0
   570 | D:1      | Learned a level 1 spell: Apportation
  1044 | D:2      | Reached XP level 4. HP: 26/31 MP: 0/0
  1896 | D:3      | Found a faded altar of an unknown god.
  2362 | D:3      | Reached XP level 5. HP: 31/35 MP: 0/0
  2362 | D:3      | Learned a level 2 spell: Poisonous Vapours
  2689 | D:3      | Slain by a scorpion

Illustrated notes

Levels and vault maps discovered:
D:1:      matt_arrival_grand_opening, layout_rooms, serial_shops,
          nicolae_shop_trees
D:2:      layout_loops_cross, grunt_decor_mini_mirrors
D:3:      layout_loops_cross, hellmonk_ecumenical_altar_heavens_door
D:4:      minmay_clustersquares, layout_loops_ring, grunt_temple_overflow_open,
          nicolae_custom_books

Skill      XL: |  1  2  3  4 |
---------------+-------------+-----
Stealth        | 2 3 |  3.1
Dodging        | 3 |  3.3
Spellcasting   | 3 |  3.3
Conjurations   | 3 |  3.3
Hexes          | 3 |  3.3
Summonings     | 3 |  3.3
Necromancy     | 3 |  3.3
Translocations | 3 |  3.3
Transmutations | 3 |  3.3
Fire Magic     | 3 |  3.3
Ice Magic      | 3 |  3.3
Air Magic      | 3 |  3.3
Earth Magic    | 3 |  3.3
Poison Magic   | 3 |  3.3
Fighting       | |  0.3

Action                     |  1- 3 |  4- 6 || total
---------------------------+-------+-------++-------
  Melee: Dagger            |       |     2 ||     2
   Cast: Magic Dart        |    87 |    93 ||   180
         Call Imp          |       |     1 ||     1
 Armour: Robe              |     6 |    21 ||    27
  Dodge: Dodged            |     3 |    20 ||    23

Table legend: (Time is in decaauts)
 A = Elapsed time spent in this place.
 B = Non-inter-level travel time spent in this place.
 C = Inter-level travel time spent in this place.
 D = Time resting spent in this place.
 E = Time spent auto-exploring this place.
 F = Levels seen in this place.
 G = Mean time per level.
                   A        B        C        D        E       F      G
               +--------+--------+--------+--------+--------+-----+--------+
         Total |   2687 |   2533 |    154 |    232 |   1965 |   4 |  671.8 |
       Dungeon |   2687 |   2533 |    154 |    232 |   1965 |   4 |  671.8 |
               +--------+--------+--------+--------+--------+-----+--------+

Top non-repeatable levels by time:
     D:2: 1108 daAuts
     D:3: 881 daAuts
     D:1: 636 daAuts
     D:4: 61 daAuts
